 Dungeon Crawl Stone Soup version 0.29.1-13-g9f3cf754e1 (webtiles) character file.

Game seed: 12929387550840449192

5413 hbarley the Cleaver (level 10, -4/89 HPs)
             Began as a Hill Orc Fighter on Jan 31, 2023.
             Was a Follower of Elyvilon.
             Slain by a kobold brigand
             ... wielding a +0 short sword
              (5 damage)
             ... on level 9 of the Dungeon.
             The game lasted 00:23:01 (8627 turns).

hbarley the Cleaver (Hill Orc Fighter)              Turns: 8627, Time: 00:23:03

Health: -4/89      AC:  6    Str: 26    XL:     10   Next: 67%
Magic:  13/13      EV:  9    Int: 10    God:    Elyvilon [*.....]
Gold:   422        SH:  5    Dex: 12    Spells: 9/9 levels left

rFire   + . .      SeeInvis .   l - +6 hand axe "Ostipt" {vorpal, Str+4 Int+2}
rCold   . . .      Faith    .   c - +0 buckler
rNeg    . . .      Spirit   .   y - +0 chain mail
rPois   .          Reflect  .   D - +0 helmet
rElec   .          Harm     .   (no cloak)
rCorr   +          Rampage  .   e - +0 pair of gloves
Will    .....                   (no boots)
Stlth   ..........              E - amulet of regeneration
HPRegen 1.04/turn               f - ring of resist corrosion
MPRegen 0.13/turn               p - ring of protection from fire

@: mighty, corroded
A: no striking features
a: Renounce Religion, Purification


You were on level 9 of the Dungeon.
You worshipped Elyvilon.
Elyvilon was aware of your devotion.
You visited 2 branches of the dungeon, and saw 10 of its levels.

You collected 422 gold pieces.

Inventory:

Hand Weapons
 a - a +0 war axe
 l - the +6 hand axe "Ostipt" (weapon) {vorpal, Str+4 Int+2}
   (You found it on level 2 of the Dungeon)

   It inflicts extra damage upon your enemies.
   Str:       It affects your strength (+4).
   Int:       It affects your intelligence (+2).
Missiles
 x - a throwing net (quivered)
Armour
 b - a +0 scale mail
 c - a +0 buckler (worn)
 e - a +0 pair of gloves (worn)
 t - a scarf of invisibility
 y - a +0 chain mail (worn)
 D - a +0 helmet (worn)
 G - +0 steam dragon scales
Jewellery
 f - a ring of resist corrosion (left hand)
 g - a ring of protection from cold
 p - a ring of protection from fire (right hand)
 q - a ring of flight
 w - a ring of willpower
 E - an amulet of regeneration (around neck)
 F - a ring of ice
Wands
 z - a wand of charming (7)
 H - a wand of acid (5)
Scrolls
 i - 3 scrolls of magic mapping {unknown}
 k - a scroll of torment {unknown}
 m - a scroll of amnesia {unknown}
 n - 5 scrolls of teleportation {unknown}
 o - 6 scrolls of identify
 r - a scroll of acquirement {unknown}
 v - a scroll of enchant weapon {unknown}
 A - a scroll of vulnerability {unknown}
 L - 2 scrolls of blinking {unknown}
Potions
 d - a potion of haste {unknown}
 h - 2 potions of brilliance {unknown}
 j - 3 potions of heal wounds
 s - 6 potions of curing
 u - a potion of invisibility {unknown}
 B - 3 potions of mutation {unknown}
 C - 2 potions of might
 I - a potion of degeneration {unknown}
 J - 2 potions of resistance
 K - a potion of attraction {unknown}
Miscellaneous
 M - a phial of floods


   Skills:
 + Level 8.3 Fighting
 + Level 12.2 Axes
 + Level 9.5 Armour
 + Level 2.6 Dodging
 + Level 0.8 Stealth
 + Level 6.2 Shields
 * Level 5.0 Invocations


You had 9 spell levels left.
You didn't know any spells.
Your spell library contained the following spells:

 Spells                   Type           Power      Damage    Failure   Level
 Freeze                   Ice            0%         1d3       93%         1
 Frozen Ramparts          Ice            0%         1d1       100%        3
 Animate Armour           Summ/Erth      0%         N/A       100%        4
 Hailstorm                Conj/Ice       0%         3d3       100%        4
 Blade Hands              Tmut           0%         N/A       100%        5
 Iron Shot                Conj/Erth      0%         9d1       100%        6


Dungeon Overview and Level Annotations

Branches:
Dungeon (9/15)             Temple (1/1) D:7            Lair (0/5) D:8
    Orc: D:9-12

Altars:
Cheibriados
Elyvilon
Fedhas
Kikubaaqudgha
Nemelex Xobeh
Qazlal
Trog
Vehumet
Wu Jian
Zin
The Shining One

Shops:
D:2 *

Annotations:
D:4 1 transporter, Tang's ghost, amateur FoHu
D:6 2 runed translucent doors, Crazy Yiuf; tehphobia's ghost, novice OgFE


Message History

The kobold demonologist mumbles some strange words.
You hit the kobold demonologist but do no damage.
The kobold demonologist is moderately wounded.
You hit the kobold brigand but do no damage.
You closely miss the sixfirhy.
The kobold brigand is engulfed in seething chaos.
The kobold brigand hits you but does no damage.
The kobold demonologist hits you but does no damage.
You hit the kobold demonologist.
The kobold demonologist is moderately wounded.
You closely miss the sixfirhy.
You hit the kobold brigand but do no damage.
The kobold demonologist hits you with a +0 dagger.
The kobold brigand is engulfed in seething chaos.
The kobold brigand hits you with a +0 short sword.
You barely miss the kobold demonologist.
The kobold demonologist is moderately wounded.
You hit the kobold brigand. You hit the sixfirhy but do no damage.
The sixfirhy hits you!
* * * LOW HITPOINT WARNING * * *
The sixfirhy shocks you!
* * * LOW HITPOINT WARNING * * *
You feel much better. The sixfirhy closely misses you.
You block the sixfirhy's attack. The sixfirhy barely misses you.
The kobold brigand is engulfed in seething chaos.
You block the kobold brigand's attack.
The kobold demonologist mumbles some strange words.
The sixfirhy hits you. The sixfirhy shocks you!
* * * LOW HITPOINT WARNING * * *
You feel very mighty all of a sudden. You block the sixfirhy's attack.
The sixfirhy hits you.
* * * LOW HITPOINT WARNING * * *
The sixfirhy shocks you!
* * * LOW HITPOINT WARNING * * *
The sixfirhy hits you.
* * * LOW HITPOINT WARNING * * *
The sixfirhy shocks you! Elyvilon protects you from harm!
The kobold brigand hits you with a +0 short sword.
You die...

...............#
...............####
#............(.....
##.............###
#.............#
#..###..###.#..#
... #.###..#....#
.. #. #3## ..# ..
#@# ... #.# #KK# ..
#K## . #5 .. ...
... ....


You could see a kobold demonologist, a sixfirhy (summoned), a kobold brigand, a
shadow imp (summoned) and a kobold.

Vanquished Creatures
  A kobold demonologist (D:9)
  Grinder (D:4)
  Sigmund (D:6)
  6 yaks (D:8)
  3 wyverns (D:8)
  3 steam dragons
  A basilisk (D:8)
  Menkaure (D:5)
  Duvessa (D:5)
  4 sky beasts
  2 black bears
  An orc warrior (D:9)
  3 ice beasts
  4 centaurs
  2 kobold brigands
  3 bullfrogs (D:7)
  A scorpion (D:4)
  Dowan (D:5)
  4 howler monkeys
  8 hounds
  3 jellies
  4 orc priests
  A gnoll bouda (D:6)
  3 iguanas
  5 orc wizards
  8 adders
  9 gnolls
  A river rat (D:5)
  2 ufetubi
  4 worms
  6 dart slugs
  13 orcs
  13 ball pythons
  10 endoplasms
  2 giant cockroaches
  5 goblins
  4 hobgoblins
  2 jackals (D:1)
  10 quokkas
  6 bats (D:1)
  2 frilled lizards
  15 kobolds
  6 rats
185 creatures vanquished.

Vanquished Creatures (others)
  8 plants (D:4)
8 creatures vanquished.

Grand Total: 193 creatures vanquished

Notes
Turn   | Place    | Note
-------+----------+-------------------------------------------
     0 | D:1      | hbarley the Hill Orc Fighter began the quest for the Orb.
     0 | D:1      | Reached XP level 1. HP: 19/19 MP: 1/1
   140 | D:1      | Reached XP level 2. HP: 27/27 MP: 2/2
   482 | D:1      | Reached skill level 3 in Axes
   530 | D:1      | Reached XP level 3. HP: 32/33 MP: 3/3
  1014 | D:2      | Found Ysuraes's Assorted Antiques.
  1215 | D:2      | Identified the +6 hand axe "Ostipt" {vorpal, Str+4 Int+2}
  1420 | D:2      | Reached skill level 4 in Axes
  1451 | D:2      | Reached XP level 4. HP: 40/40 MP: 4/4
  2223 | D:3      | Reached XP level 5. HP: 7/46 MP: 5/5
  2231 | D:3      | HP: 2/46 [orc priest/+0 hand axe (6)]
  2233 | D:3      | Reached skill level 5 in Axes
  2604 | D:3      | You fall into a shaft and drop 1 floor!
  2685 | D:3      | Reached skill level 1 in Dodging
  3201 | D:4      | Reached XP level 6. HP: 46/53 MP: 6/6
  3245 | D:4      | Noticed a black bear
  3301 | D:4      | Killed a black bear
  3302 | D:4      | Reached skill level 6 in Axes
  3410 | D:4      | Found a transporter.
  3414 | D:4      | Noticed Tang's ghost (amateur FoHu)
  3458 | D:4      | Reached XP level 7. HP: 60/60 MP: 7/7
  3908 | D:4      | Noticed Grinder
  3919 | D:4      | Killed Grinder
  3920 | D:4      | Reached skill level 5 in Fighting
  3920 | D:4      | Reached skill level 7 in Axes
  3920 | D:4      | Reached skill level 5 in Armour
  4329 | D:5      | Entered Level 5 of the Dungeon
  4329 | D:5      | Noticed Menkaure
  4346 | D:4      | HP: 3/61 [poisoned by a scorpion]
  4349 | D:4      | HP: 1/61 [poisoned by a scorpion]
  4736 | D:5      | Reached XP level 8. HP: 69/69 MP: 8/8
  4846 | D:5      | Noticed Duvessa
  4856 | D:5      | Noticed Dowan
  4869 | D:5      | Killed Dowan
  4870 | D:5      | Reached skill level 8 in Axes
  4874 | D:5      | Killed Duvessa
  5431 | D:5      | Reached skill level 5 in Shields
  5521 | D:5      | Killed Menkaure
  5522 | D:5      | Reached skill level 9 in Axes
  5833 | D:6      | Reached XP level 9. HP: 75/78 MP: 9/9
  5863 | D:6      | Noticed Sigmund
  5869 | D:6      | Killed Sigmund
  5945 | D:6      | Found a bloodstained altar of Trog.
  6124 | D:6      | Reached skill level 10 in Axes
  6493 | D:6      | Found a runed translucent door.
  6501 | D:6      | Noticed tehphobia's ghost (novice OgFE)
  6617 | D:6      | Found a runed translucent door.
  6618 | D:6      | Noticed Crazy Yiuf
  6918 | D:6      | Reached skill level 11 in Axes
  7566 | D:7      | Found a staircase to the Ecumenical Temple.
  7577 | Temple   | Entered the Ecumenical Temple
  7616 | Temple   | Became a worshipper of Elyvilon the Healer
  7802 | D:8      | Found a stormy altar of Qazlal.
  7901 | D:8      | Reached skill level 1 in Invocations
  7906 | D:8      | Found a staircase to the Lair.
  7924 | D:8      | Reached XP level 10. HP: 70/86 MP: 9/11
  8223 | D:8      | Reached * piety under Elyvilon
  8559 | D:9      | Reached skill level 12 in Axes
  8597 | D:9      | Noticed a kobold demonologist
  8598 | D:9      | Noticed a kobold demonologist
  8609 | D:9      | Noticed a rust devil
  8610 | D:9      | Noticed a smoke demon
  8613 | D:9      | Killed a kobold demonologist
  8614 | D:9      | Reached skill level 5 in Invocations
  8623 | D:9      | Noticed a sixfirhy
  8627 | D:9      | HP: 1/89 [sixfirhy[a kobold demonologist] (5)]
  8627 | D:9      | Elyvilon protects you from harm!
  8627 | D:9      | Slain by a kobold brigand

Illustrated notes

Levels and vault maps discovered:
D:1:      evilmike_arrival_fibonacci_small, layout_basic
D:2:      layout_basic, serial_shops, nicolae_square_shop
D:3:      layout_loops_ring
D:4:      layout_basic, gammafunk_ghost_smash, serial_bayou_lake_a, uniq_grinder
D:5:      layout_rooms, gup_sewer_entry_spiral, uniq_menkaure, uniq_duvessa
D:6:      layout_basic, marbit_many_paths, ebering_ghost_sewer_d, uniq_sigmund,
          uniq_crazy_yiuf_cottage
D:7:      layout_cave_pools, minmay_temple_entry_glassed_door,
          minmay_misc_feat_diagonals
D:8:      layout_basic, grunt_qazlal_clouds, erik_lair_dragon
D:9:      layout_rooms, minitemple, nicolae_lava_and_water,
          amcnicky_mini_pool_medium
Temple:   nicolae_temple_bog_church

Skill      XL: |  1  2  3  4  5  6  7  8  9 10 |
---------------+-------------------------------+-----
Fighting       | 4 5 6 7 8 |  8.3
Axes           | 3 4 5 6 7 9 11 12 | 12.2
Armour         | 4 5 7 8 9 |  9.5
Dodging        | 1 2 |  2.6
Shields        | 4 5 6 |  6.2
Invocations    | 1 5 |  5.0
Stealth        | |  0.8

Action                   |  1- 3 |  4- 6 |  7- 9 | 10-12 || total
-------------------------+-------+-------+-------+-------++-------
Melee: War axe           |    65 |       |       |       ||    65
       Hand axe          |    20 |    97 |   245 |    99 ||   461
  Use: Potion            |       |     1 |       |     2 ||     3
       Scroll            |       |       |       |     1 ||     1
Armor: Scale mail        |    37 |    41 |    16 |       ||    94
       Chain mail        |       |       |    75 |    39 ||   114
Dodge: Dodged            |    38 |    40 |    93 |    34 ||   205
Block: Buckler           |    22 |    22 |    45 |    23 ||   112
